 Dungeon Crawl Stone Soup version 0.21-a0-498-g1b60429 (webtiles) character file.

2330 Ajdolov the Grappler (level 9, -2/76 HPs)
             Began as a Troll Hunter on Nov 24, 2017.
             Was an Initiate of Wu Jian.
             Slain by a gnoll
             ... wielding a +0 spear
              (7 damage)
             ... on level 8 of the Dungeon.
             The game lasted 00:15:34 (5082 turns).

Ajdolov the Grappler (Troll Hunter)                 Turns: 5082, Time: 00:15:35

Health: -2/76      AC:  6    Str: 25    XL:     9   Next: 19%
Magic:  0/8        EV: 10    Int:  7    God:    Wu Jian [......]
Gold:   265        SH:  0    Dex: 15    Spells: 8/8 levels left

rFire    . . .     SeeInvis .     - Unarmed
rCold    . . .     Gourm    +   (no shield)
rNeg     . . .     Faith    .   b - +0 robe
rPois    .         Spirit   +   r - +1 hat
rElec    .         Reflect  .   e - scarf {Spirit}
rCorr    .         Harm     .   (gloves unavailable)
MR       .....                  (boots unavailable)
Stlth    +++.......             (no amulet)
HPRegen  0.62/turn              n - ring of stealth
MPRegen  0.11/turn              I - +5 ring of dexterity

@: slowed, very slow
A: large, unfitting armour, claws 3, fast metabolism 3, gourmand, regeneration
1, shaggy fur 1, tough skin 2
a: Renounce Religion


You were on level 8 of the Dungeon.
You worshipped Wu Jian.
Wu Jian was noncommittal.
You were very full.

You visited 2 branches of the dungeon, and saw 9 of its levels.

You collected 355 gold pieces.
You spent 90 gold pieces at shops.

Inventory:

Missiles
 c - 5 large rocks (quivered)
 d - 3 throwing nets
Armour
 b - a +0 robe (worn)
 e - a scarf of spirit shield (worn)
 r - a +1 hat (worn)
 D - a +2 cloak
Jewellery
 n - a ring of stealth (left claw)
 y - an uncursed ring of fire
 I - a +5 ring of dexterity (right claw)
Wands
 E - a wand of digging (9)
Scrolls
 i - 3 scrolls of amnesia
 j - 5 scrolls of identify
 k - a scroll of enchant armour {unknown}
 l - 2 scrolls of fog {unknown}
 o - 3 scrolls of remove curse
 t - a scroll of fear {unknown}
 v - a scroll of teleportation {unknown}
 x - 2 scrolls of magic mapping {unknown}
 B - a scroll of blinking {unknown}
 C - a scroll of immolation {unknown}
 G - a scroll of enchant weapon {unknown}
Potions
 a - 3 potions of mutation
 h - a potion of brilliance {unknown}
 p - 2 potions of agility
 q - 2 potions of lignification {unknown}
 s - a potion of flight {unknown}
 u - 2 potions of ambrosia {unknown}
 w - 3 potions of resistance {unknown}
 z - 2 potions of curing
 A - 2 potions of heal wounds {unknown}
 F - 2 potions of degeneration {unknown}
Books
 J - a book of Party Tricks

   Spells                             Type                      Level
   a - Summon Butterflies             Summoning                    1
   b - Apportation                    Translocation                1
   c - Lesser Beckoning               Translocation                3
   d - Tukima's Dance                 Hexes                        3
   e - Alistair's Intoxication        Transmutation/Poison         5
   f - Invisibility                   Hexes                        6
Comestibles
 f - 9 bread rations
 g - 3 meat rations
 m - 4 royal jellies
 H - 8 chunks of flesh


   Skills:
 - Level 1.5 Fighting
 - Level 3.6 Throwing
 - Level 1.5 Dodging
 - Level 0.3 Stealth
 + Level 12.0 Unarmed Combat


You had 8 spell levels left.
You didn't know any spells.

Dungeon Overview and Level Annotations

Branches:
Dungeon (8/15)             Temple (1/1) D:5
   Lair: D:8-11

Altars:
Ashenzari
Cheibriados
Dithmenos
Elyvilon
Fedhas
Gozag
Hepliaklqana
Kikubaaqudgha
Makhleb
Nemelex Xobeh
Okawaru
Qazlal
Ru
Sif Muna
Trog
Uskayaw
Vehumet
Wu Jian
Xom
Yredelemnul
Zin
The Shining One

Annotations:
D:7 1 runed door
D:8 Gastronok, Pikel


Innate Abilities, Weirdness & Mutations

You are too large for most types of armour.
You have claws for hands.
Your metabolism is lightning-fast.
You like to eat raw meat.
Your natural rate of healing is unusually fast.
You are covered in fur. (AC +1)
You have very tough skin. (AC +2)


Message History

The gnoll is severely wounded.
The gnoll barely misses you.
The gnoll hits you from afar with a spear.
* * * LOW HITPOINT WARNING * * *
You barely miss the gnoll.
The gnoll is severely wounded.
The gnoll hits you from afar with a spear.
* * * LOW HITPOINT WARNING * * *
The gnoll hits you with a flail.
* * * LOW HITPOINT WARNING * * *
The gnoll hits you with a flail!
* * * LOW HITPOINT WARNING * * *
A gnoll sergeant comes into view. It is wielding a trident.
The gnoll barely misses you.
Pikel is no longer unusually agile.
The gnoll sergeant closely misses you. The gnoll hits you with a flail.
* * * LOW HITPOINT WARNING * * *
The gnoll sergeant misses you.
The gnoll hits you from afar with a spear!
You die...

#.# #.... #.# #.# #....# #.#
#.# #..... #.# #.#
.#...#.#####.### #.#
................ #######.#
#########.####.### ........#
#................. .......<#
#..gK..##..###[###
........#+#####@g....###g###.#
######........'..g...# #..##.#
#.......##..g..## ##.##.#
#.......##.....# #.##.#
#.......##.....# #..#.#
#.....).##....g######.#.# #
#......)##..............# #
#.......[.....[.....)..w###
#######....####........>...


You could see Pikel, a gnoll sergeant and 4 gnolls.

Vanquished Creatures
  Grinder (D:4)
  Prince Ribbit (D:5)
  Sigmund (D:5)
  4 slaves (D:8)
  2 ice beasts
  2 phantoms
  4 ogres
  Blork the orc (D:5)
  A vampire bat (D:5)
  A howler monkey (D:7)
  2 crimson imps (D:7)
  2 hounds
  2 orc priests (D:8)
  2 bullfrog skeletons
  3 orc wizards
  3 centaur skeletons
  2 iguanas
  6 worker ants
  A worker ant zombie (D:6)
  4 gnolls (D:2)
  2 howler monkey skeletons
  9 adders
  An ooze (D:2)
  3 worms
  2 dart slugs
  3 fire bats (D:5)
  5 leopard geckos
  14 orcs
  2 spectral bats (D:5)
  14 bats
  3 bat skeletons (D:5)
  A bat zombie (D:5)
  3 giant cockroaches
  8 goblins
  3 hobgoblins
  4 jackals (D:2)
  10 kobolds
  A quokka (D:2)
  A ball python (D:4)
  A bat simulacrum (D:5)
  3 frilled lizards
  2 leopard gecko skeletons
  A quokka skeleton (D:6)
  7 rats
148 creatures vanquished.

Notes
Turn   | Place    | Note
-------+----------+-------------------------------------------
     0 | D:1      | Ajdolov the Troll Hunter began the quest for the Orb.
     0 | D:1      | Reached XP level 1. HP: 19/19 MP: 0/0
    73 | D:1      | Reached skill level 1 in Unarmed Combat
   168 | D:1      | Reached XP level 2. HP: 27/27 MP: 1/1
   208 | D:1      | Reached skill level 2 in Unarmed Combat
   599 | D:2      | Reached XP level 3. HP: 32/33 MP: 2/2
   607 | D:2      | Reached skill level 3 in Unarmed Combat
   668 | D:2      | Reached XP level 4. HP: 23/41 MP: 3/3
   781 | D:2      | Reached skill level 4 in Unarmed Combat
  1207 | D:2      | Found an iron altar of Okawaru.
  1475 | D:3      | Reached XP level 5. HP: 45/48 MP: 2/4
  1680 | D:3      | Found a shattered altar of Ashenzari.
  1903 | D:4      | Found a glowing golden altar of the Shining One.
  1927 | D:4      | Reached skill level 5 in Unarmed Combat
  1948 | D:4      | Noticed a phantom
  1975 | D:4      | Killed a phantom
  1983 | D:4      | Reached skill level 6 in Unarmed Combat
  1983 | D:4      | Reached XP level 6. HP: 49/55 MP: 3/5
  2167 | D:4      | Reached skill level 7 in Unarmed Combat
  2167 | D:4      | Reached XP level 7. HP: 43/62 MP: 3/6
  2206 | D:4      | Found a snail-covered altar of Cheibriados.
  2312 | D:4      | Noticed Grinder
  2336 | D:4      | Killed Grinder
  2336 | D:4      | Reached skill level 8 in Unarmed Combat
  2444 | D:5      | Entered Level 5 of the Dungeon
  2511 | D:5      | Reached skill level 9 in Unarmed Combat
  2579 | D:5      | Reached XP level 8. HP: 53/70 MP: 3/7
  2647 | D:5      | Found a staircase to the Ecumenical Temple.
  2652 | Temple   | Entered the Ecumenical Temple
  2825 | Temple   | Became a worshipper of Ru the Awakened
  3003 | D:5      | Noticed Prince Ribbit
  3034 | D:5      | Killed Prince Ribbit
  3034 | D:5      | Reached skill level 10 in Unarmed Combat
  3149 | D:5      | Noticed Blork the orc
  3157 | D:5      | Killed Blork the orc
  3252 | D:5      | Noticed Sigmund
  3267 | D:5      | Killed Sigmund
  3496 | D:5      | Found an ornate altar of the Wu Jian Council.
  3507 | D:5      | Fell from the grace of Ru
  3507 | D:5      | Became a worshipper of the Wu Jian Council
  3765 | D:6      | Found Zin's Purification Station.
  3769 | D:6      | Found a glowing silver altar of Zin.
  3774 | D:6      | Bought a potion of curing for 90 gold pieces
  3805 | D:6      | Reached skill level 11 in Unarmed Combat
  3807 | D:6      | Found a stormy altar of Qazlal.
  4433 | D:7      | Found a runed door.
  4433 | D:7      | Noticed a sixfirhy
  4561 | D:7      | Reached XP level 9. HP: 76/76 MP: 8/8
  4934 | D:8      | Reached skill level 12 in Unarmed Combat
  5018 | D:8      | Found a radiant altar of Vehumet.
  5020 | D:8      | Noticed Gastronok
  5040 | D:8      | Found a sparkling altar of Nemelex Xobeh.
  5057 | D:8      | Noticed Pikel
  5078 | D:8      | HP: 2/76 [gnoll/flail (6)]
  5082 | D:8      | Slain by a gnoll

Vault maps used:
D:1:      scummos_arrival_star
D:2:      nicolae_overflow_hidden_temple, first_bread,
          minmay_goblin_kobold_house
D:3:      marbit_many_paths, st_stairs_12, kennysheep_generic_room_2
D:4:      kennysheep_slug_shrine, lemuel_round_altar, uniq_grinder
D:5:      lemuel_round_altar, temple_doors_ab, goddamned_bats,
          uniq_blork_the_orc, uniq_prince_ribbit1, uniq_sigmund
D:6:      zin_purify, nicolae_qazlal_general_emergency, hangedman_decor_push,
          serial_bayou_pond_a, dk_noncrumbling_4
D:7:      cheibrodos_shockbox, minivault_23
D:8:      lemuel_crystal_altar, nemelex_xobeh_ov_fountains_minmay,
          uniq_gastronok, uniq_maurice, uniq_pikel
Temple:   eino_narrow_crystal_temple

Skill      XL: |  1  2  3  4  5  6  7  8  9 |
---------------+----------------------------+-----
Unarmed Combat | 1 2 3 4 6 7 9 11 12 | 12.0
Fighting       | |  1.5
Throwing       | |  3.6
Dodging        | |  1.5
Stealth        | |  0.3

Action                   |  1- 3 |  4- 6 |  7- 9 || total
-------------------------+-------+-------+-------++-------
Melee: Unarmed           |    63 |   152 |   233 ||   448
       Punch             |     1 |     4 |    12 ||    17
Throw: Large rock        |       |       |     1 ||     1
  Use: Scroll            |       |       |     4 ||     4
 Stab: Sleeping          |       |     1 |    12 ||    13
  Eat: Chunk             |    11 |    14 |    26 ||    51
Armor: Robe              |    13 |    59 |    74 ||   146
Dodge: Dodged            |    27 |    96 |   117 ||   240

Table legend:
 A = Spawn XP
 B = Non-spawn XP
 C = Spawn XP percentage of total XP
 D = Spawn monster count
 E = Non-spawn monster count
 F = Spawn count percentage of total count
 G = Total turns spent on level
                    A         B        C        D         E        F      G
               +---------+---------+-------+---------+---------+-------+---------
         Total |       0 |    3329 |   0.0 |       0 |     144 |   0.0 |  5082
               +---------+---------+-------+---------+---------+-------+---------
           D:1 |       0 |      27 |   0.0 |       0 |      14 |   0.0 |   470
           D:2 |       0 |     128 |   0.0 |       0 |      31 |   0.0 |   780
           D:3 |       0 |      48 |   0.0 |       0 |      15 |   0.0 |   593
           D:4 |       0 |     905 |   0.0 |       0 |      23 |   0.0 |   601
           D:5 |       0 |    1254 |   0.0 |       0 |      37 |   0.0 |   965
           D:6 |       0 |     184 |   0.0 |       0 |       6 |   0.0 |   812
           D:7 |       0 |     697 |   0.0 |       0 |      14 |   0.0 |   520
           D:8 |       0 |      86 |   0.0 |       0 |       4 |   0.0 |   159
               +---------+---------+-------+---------+---------+-------+---------
